[Event "Titled Tuesday Blitz May 11 2021"]
[White "Petrovskyi, Vadym"]
[Black "Ivanisevic, Ivan"]
[WhiteFideId "14165210"]
[BlackFideId "912417"]
[WhiteElo "2219"]
[BlackElo "2499"]
[Result "0-1"]
[Round "09"]
[TimeControl "180+1"]
[Date "2021.05.11"]
[WhiteClock "0:01:17"]
[BlackClock "0:02:04"]

1. e4 e5 2. Nf3 Nc6 3. d4 exd4 4. Bc4 d6 5. O-O Nf6 6. Nxd4 Be7 7. Nc3 O-O 8. Bf4 Ne5 9. Be2 Re8 10. Qd2 Bf8 11. f3 Ng6 12. Be3 c6 13. Rfe1 Bd7 14. Rad1 b5 15. a3 a5 16. Nf5 d5 17. Bg5 b4 18. Na4 h6 19. Bxf6 Qxf6 20. Kh1 Bxf5 21. exf5 Qxf5 22. Bd3 Qf4 23. Nb6 Qxd2 0-1


[Site "https://www.chess.com"]

[Event "Titled Tuesday Blitz May 11 2021"]
[White "Postny, Evgeny"]
[Black "Yoo, Christopher Woojin"]
[WhiteFideId "2804344"]
[BlackFideId "30909694"]
[WhiteElo "2537"]
[BlackElo "2009"]
[Result "0-1"]
[Round "09"]
[TimeControl "180+1"]
[Date "2021.05.11"]
[WhiteClock "0:00:02"]
[BlackClock "0:01:26"]

1. Nf3 Nf6 2. c4 e6 3. g3 d5 4. Bg2 Be7 5. O-O O-O 6. d4 dxc4 7. Qc2 b5 8. a4 b4 9. Nfd2 Nd5 10. Nxc4 c5 11. dxc5 Ba6 12. Nbd2 Bxc5 13. Ne4 Be7 14. b3 f5 15. Ned2 Nc6 16. Bb2 Bf6 17. Rad1 Bxb2 18. Qxb2 Rc8 19. Nf3 Qf6 20. Qxf6 gxf6 21. Nd6 Rcd8 22. Nb5 Nc3 23. Nxc3 bxc3 24. Rxd8 Rxd8 25. Rc1 Bxe2 26. Ne1 Nb4 27. f4 Rd1 28. Rxc3 Nd3 29. Rxd3 Bxd3 30. Kf2 Be4 31. Bf1 Rb1 32. Bc4 Kf7 33. Nf3 Rb2+ 34. Ke3 Bxf3 35. Kxf3 Rxh2 36. b4 Rc2 0-1


[Site "https://www.chess.com"]

[Event "Titled Tuesday Blitz May 11 2021"]
[White "Quparadze, Giga"]
[Black "Shipov, Sergei"]
[WhiteFideId "13602250"]
[BlackFideId "4113624"]
[WhiteElo "2658"]
[BlackElo "2777"]
[Result "1-0"]
[Round "09"]
[TimeControl "180+1"]
[Date "2021.05.11"]
[WhiteClock "0:00:43"]
[BlackClock "0:00:04"]

1. e4 e6 2. d4 d5 3. Nd2 Be7 4. Ngf3 c5 5. dxc5 Nf6 6. exd5 Qxd5 7. b4 a5 8. Bc4 Qh5 9. c3 O-O 10. O-O Nd5 11. Bxd5 Qxd5 12. Nb3 Qc4 13. Qd4 Qxd4 14. Nfxd4 e5 15. Nb5 Nc6 16. Nc7 Rb8 17. b5 Bd8 18. Nd5 Be6 19. Rd1 a4 20. bxc6 bxc6 21. Nb4 axb3 22. axb3 Bxb3 23. Re1 Rc8 24. Ra6 Be7 25. Be3 Bd5 26. c4 Bxc4 27. Rxc6 Be6 28. Rc1 Rfd8 29. Rxc8 Rxc8 30. g3 Kf8 31. Nd3 f6 32. Nb4 Ke8 33. h4 h5 34. Kf1 Bg4 35. Nd5 Bf3 36. Nxe7 Kxe7 37. Ke1 Kd7 38. Kd2 Kc6 39. Rb1 Rc7 40. Rb6+ Kd5 41. Rd6+ Kc4 42. Rd3 Be4 43. Rc3+ Kd5 44. Ra3 Rb7 45. Kc3 Ke6 46. Ra6+ Kf5 47. Kc4 Rb2 48. Ra7 Rc2+ 49. Kb3 g5 50. hxg5 fxg5 51. Rg7 g4 52. Rg5+ Ke6 53. Rxh5 Re2 54. Rg5 Bf3 55. Kc3 Ra2 56. Rg6+ Kf5 57. Rd6 Ra8 58. Kb4 Rc8 59. Kb5 Rb8+ 60. Ka6 Rb2 61. c6 Rc2 62. Kb6 Ke4 63. c7 Kf5 64. Bc5 Rb2+ 65. Ka5 Ba8 66. c8=Q+ 1-0


[Site "https://www.chess.com"]

[Event "Titled Tuesday Blitz May 11 2021"]
[White "Sadhwani, Raunak"]
[Black "Yuan, Qingyu"]
[WhiteFideId "35093487"]
[BlackFideId "8609772"]
[WhiteElo "2514"]
[BlackElo "2359"]
[Result "1-0"]
[Round "09"]
[TimeControl "180+1"]
[Date "2021.05.11"]
[WhiteClock "0:00:12"]
[BlackClock "0:00:04"]

1. b3 e5 2. Bb2 Nc6 3. c4 g6 4. g3 Bg7 5. Bg2 Nge7 6. Nc3 O-O 7. e3 d5 8. cxd5 Nb4 9. d3 Nexd5 10. Nxd5 Nxd5 11. Ne2 Nb4 12. Nc1 Bf5 13. Bxb7 Bxd3 14. Qd2 Rb8 15. Qxb4 Ba6 16. Qxf8+ Bxf8 17. Bxa6 Bb4+ 18. Kf1 Qd2 19. Rb1 Rb6 20. Bc4 Bc3 21. Bxc3 Qc2 22. Kg2 Qxc3 23. Ne2 Qc2 24. Rhd1 Rf6 25. a4 Qe4+ 26. Kg1 Qf3 27. Rf1 Rd6 28. Rbd1 Kg7 29. Rxd6 cxd6 30. Rd1 Qc6 31. Nc3 f5 32. Nb5 a6 33. Nxd6 h5 34. h4 f4 35. exf4 exf4 36. Rd5 fxg3 37. fxg3 Qb6+ 38. Kg2 Qe3 39. Bf1 a5 40. Kh2 Qxb3 41. Rxa5 Qb4 42. Ra7+ Kf8 43. Nb5 Qd2+ 44. Bg2 Kg8 45. a5 Qf2 46. Rb7 Kh8 47. a6 Qc5 48. a7 Qc8 49. Rb8 Qxb8 50. axb8=Q+ Kg7 51. Qe5+ Kh6 52. Nd6 g5 53. Qxg5+ Kh7 54. Be4+ Kh8 55. Nf7# 1-0


[Site "https://www.chess.com"]

[Event "Titled Tuesday Blitz May 11 2021"]
[White "Sevian, Samuel"]
[Black "Pantsulaia, Levan"]
[WhiteFideId "2040506"]
[BlackFideId "13602071"]
[WhiteElo "2983"]
[BlackElo "2530"]
[Result "0-1"]
[Round "09"]
[TimeControl "180+1"]
[Date "2021.05.11"]
[WhiteClock "0:00:05"]
[BlackClock "0:00:04"]

1. e4 c5 2. Nf3 e6 3. d4 cxd4 4. Bg5 Qa5+ 5. c3 Nc6 6. Bd3 h6 7. Bd2 dxc3 8. Nxc3 Qc7 9. O-O Nf6 10. Re1 d6 11. Rc1 Be7 12. Bf4 Nh5 13. Be3 Qb8 14. Nd5 Bd8 15. Nd4 g6 16. Rxc6 bxc6 17. Nxc6 Qb7 18. Nxd8 Kxd8 19. Bd4 e5 20. Bc3 Be6 21. Ba5+ Ke8 22. Nc7+ Ke7 23. Nxa8 Rxa8 24. b3 Nf4 25. Bf1 g5 26. Qd2 Rc8 27. Bb4 Rd8 28. Rd1 Qc6 29. f3 g4 30. fxg4 Bxg4 31. Re1 Rg8 32. Kh1 Be6 33. Rc1 Qxe4 34. Qxd6+ Kf6 35. Re1 Qd5 36. Qe7+ Kf5 37. Bc3 f6 38. Qh7+ Rg6 39. Re3 Nxg2 40. Rg3 Nf4+ 41. Kg1 Qc5+ 42. Kh1 Bd5+ 43. Bg2 Bxg2+ 44. Rxg2 Qc6 0-1


[Site "https://www.chess.com"]

[Event "Titled Tuesday Blitz May 11 2021"]
[White "Shimanov, Aleksandr"]
[Black "Quintiliano Pinto, Renato R."]
[WhiteFideId "4198603"]
[BlackFideId "2117568"]
[WhiteElo "2596"]
[BlackElo "2439"]
[Result "1-0"]
[Round "09"]
[TimeControl "180+1"]
[Date "2021.05.11"]
[WhiteClock "0:00:10"]
[BlackClock "0:00:08"]

1. Nf3 d5 2. c4 e6 3. d4 Nf6 4. Nc3 c6 5. Bg5 h6 6. Bh4 Nbd7 7. e3 g5 8. Bg3 Nh5 9. cxd5 exd5 10. Bd3 Nxg3 11. hxg3 Bg7 12. Qc2 Nb6 13. O-O-O Be6 14. Ne5 Qc7 15. f4 O-O-O 16. Kb1 Kb8 17. Rhf1 f6 18. Nf3 Rhe8 19. Nd2 a6 20. Rde1 c5 21. dxc5 Qxc5 22. Nb3 Qc7 23. Nd4 Bc8 24. Qf2 Bf8 25. Rc1 Bc5 26. Rfd1 Qe7 27. Re1 Bd7 28. Bg6 Rg8 29. Bd3 Qd6 30. Red1 Rge8 31. Ka1 Rc8 32. Be2 Qe7 33. Bf3 Qxe3 34. Qxe3 Rxe3 35. Nb3 Be6 36. fxg5 hxg5 37. g4 d4 38. Nxd4 Bxd4 39. Rxd4 Bd7 40. Rd6 Rf8 41. Rxb6 1-0


[Site "https://www.chess.com"]

[Event "Titled Tuesday Blitz May 11 2021"]
[White "Svane, Rasmus"]
[Black "Dubov, Daniil"]
[WhiteFideId "4657101"]
[BlackFideId "24126055"]
[WhiteElo "2669"]
[BlackElo "2722"]
[Result "0-1"]
[Round "09"]
[TimeControl "180+1"]
[Date "2021.05.11"]
[WhiteClock "0:00:10"]
[BlackClock "0:00:10"]

1. Nf3 Nf6 2. g3 g6 3. Bg2 Bg7 4. O-O O-O 5. d4 d6 6. Re1 Nbd7 7. e4 e5 8. Nc3 exd4 9. Nxd4 Re8 10. Bf4 Nh5 11. Be3 Nc5 12. Qd2 Bd7 13. Rad1 Bg4 14. f3 Bd7 15. Nd5 Ne6 16. c4 Nf6 17. Nxe6 Bxe6 18. Bg5 c6 19. Nxf6+ Bxf6 20. Bxf6 Qxf6 21. b3 Rad8 22. Qd4 Qxd4+ 23. Rxd4 Kf8 24. Red1 Ke7 25. f4 f6 26. Kf2 a6 27. Bf1 g5 28. Be2 b5 29. Bh5 Rf8 30. Be2 gxf4 31. gxf4 f5 32. e5 d5 33. cxd5 Rxd5 34. Bf3 Rxd4 35. Rxd4 Bd5 36. Bxd5 Rd8 37. Rd1 cxd5 38. Rc1 d4 39. Ke2 d3+ 40. Ke3 Ke6 41. Rd1 Rc8 42. Rxd3 Rc6 43. b4 Ke7 44. a3 Rc2 45. h3 Rh2 46. Kd4 Rf2 47. Kc5 Rxf4 48. Re3 Ke6 49. Re1 Re4 50. Rxe4 fxe4 51. Kd4 e3 52. Kxe3 Kxe5 53. Kf3 Kd4 54. Kf4 Kc3 55. Kg5 Kb3 56. Kh6 Kxa3 57. Kxh7 Kxb4 58. h4 a5 59. h5 a4 60. h6 a3 61. Kg8 a2 62. h7 a1=Q 63. h8=Q Qxh8+ 64. Kxh8 Kc4 65. Kg7 0-1


[Site "https://www.chess.com"]

[Event "Titled Tuesday Blitz May 11 2021"]
[White "Urazayev, Arystanbek"]
[Black "Kollars, Dmitrij"]
[WhiteFideId "13709810"]
[BlackFideId "12909572"]
[WhiteElo "2321"]
[BlackElo "2576"]
[Result "0-1"]
[Round "09"]
[TimeControl "180+1"]
[Date "2021.05.11"]
[WhiteClock "0:00:05"]
[BlackClock "0:00:38"]

1. e4 c5 2. Nf3 Nc6 3. Bb5 g6 4. O-O Bg7 5. c3 e5 6. d4 cxd4 7. cxd4 exd4 8. Bf4 Nge7 9. Bd6 a6 10. Qa4 Ra7 11. Bc4 O-O 12. Qa3 b5 13. Bd5 b4 14. Qb3 a5 15. Nbd2 a4 16. Qc2 Ba6 17. Bc4 Qa5 18. Rfd1 Re8 19. Rac1 Nc8 20. Bc5 Rb7 21. e5 Bxc4 22. Qxc4 Nxe5 23. Nxe5 Bxe5 24. Nf3 d6 25. Bxd4 Qb5 26. b3 axb3 27. axb3 Ne7 28. Qxb5 Rxb5 29. g3 Nf5 30. Ba7 Bc3 31. Rc2 Re7 32. Bd4 Nxd4 33. Rxd4 Bxd4 34. Nxd4 Rd5 35. Rc4 Rb7 36. Nc6 Rc5 37. Rxb4 Rxb4 38. Nxb4 Rb5 39. Nc6 Rxb3 40. Kf1 Kg7 41. Ke2 Kf6 42. h4 h5 43. Kd2 Ra3 44. Nb4 Ke5 45. Ke2 Ke4 0-1


[Site "https://www.chess.com"]

[Event "Titled Tuesday Blitz May 11 2021"]
[White "Weetik, Vjacheslav"]
[Black "Kobalia, Mikhail"]
[WhiteFideId "4153472"]
[BlackFideId "4119150"]
[WhiteElo "2469"]
[BlackElo "2569"]
[Result "1-0"]
[Round "09"]
[TimeControl "180+1"]
[Date "2021.05.11"]
[WhiteClock "0:00:05"]
[BlackClock "0:00:04"]

1. d4 Nf6 2. c4 g6 3. Nc3 Bg7 4. e4 O-O 5. Nf3 d6 6. Be2 e5 7. O-O Nbd7 8. Re1 c6 9. Bf1 Qe7 10. d5 c5 11. a3 b6 12. b4 Ne8 13. Bg5 f6 14. Bh4 h5 15. Bg3 g5 16. h4 Bh6 17. Nh2 f5 18. hxg5 Bxg5 19. exf5 h4 20. Qg4 hxg3 21. Nf3 gxf2+ 22. Kxf2 Ng7 23. Qxg5 Qxg5 24. Nxg5 Rxf5+ 25. Nf3 Nf6 26. Bd3 Ng4+ 27. Kg1 Rf8 28. Nb5 Bf5 29. Be2 Rf6 30. Nh4 Bd7 31. Rf1 Rxf1+ 32. Rxf1 Bxb5 33. cxb5 Ne3 34. Rf6 Rd8 35. Ng6 Kh7 36. Bd3 c4 37. Be4 c3 38. Ne7+ Ngf5 39. Nxf5 Nxf5 40. Rxf5 Kg7 41. Rf2 Rc8 42. Bd3 Re8 43. Rc2 e4 44. Be2 Rc8 45. Kf2 Kf6 46. Bg4 Rc4 47. Ke3 Ke5 48. Be6 Rc7 49. g4 Rc4 50. g5 Rc7 51. g6 1-0


[Site "https://www.chess.com"]

[Event "Titled Tuesday Blitz May 11 2021"]
[White "Zubov, Alexander"]
[Black "Debashis, Das"]
[WhiteFideId "14109409"]
[BlackFideId "5024854"]
[WhiteElo "2740"]
[BlackElo "2470"]
[Result "1-0"]
[Round "09"]
[TimeControl "180+1"]
[Date "2021.05.11"]
[WhiteClock "0:00:03"]
[BlackClock "0:00:02"]

1. d4 Nf6 2. c4 g6 3. Nc3 d5 4. e3 Bg7 5. Qb3 e6 6. Nf3 c6 7. Be2 O-O 8. O-O Nbd7 9. Rd1 b6 10. a4 Bb7 11. a5 Rb8 12. Qa3 c5 13. dxc5 bxc5 14. a6 Bc6 15. Nb5 Bxb5 16. cxb5 Ne4 17. Qa5 Nd6 18. Bd2 Bxb2 19. Rab1 Bf6 20. Qa3 Qc7 21. Ba5 Nb6 22. Rdc1 Rfc8 23. Nd4 Bxd4 24. exd4 c4 25. Bg4 Qd7 26. h4 h5 27. Bh3 Nf5 28. Bxf5 exf5 29. Re1 Re8 30. Rxe8+ Qxe8 31. Qd6 Rd8 32. Qc7 Rd7 33. Qc6 Qe6 34. Bxb6 axb6 35. Qc8+ Kg7 36. Qb8 Qe4 37. Rf1 f4 38. a7 1-0


[Site "https://www.chess.com"]

[Event "Titled Tuesday Blitz May 11 2021"]
[White "gurelediz"]
[Black "Triapishko, Alexandr"]
[BlackFideId "14122286"]
[WhiteElo "2742"]
[BlackElo "2490"]
[Result "0-1"]
[Round "09"]
[TimeControl "180+1"]
[Date "2021.05.11"]
[WhiteClock "0:00:01"]
[BlackClock "0:00:22"]

1. e4 e5 2. Nf3 Nc6 3. Bb5 Bc5 4. O-O Nge7 5. c3 Bb6 6. d4 exd4 7. cxd4 d5 8. e5 Bg4 9. Be3 O-O 10. Be2 Bxf3 11. Bxf3 Nf5 12. Nc3 Ncxd4 13. Nxd5 c6 14. Nxb6 Qxb6 15. Bxd4 Nxd4 16. b3 Rfe8 17. Re1 Rad8 18. Qd3 Qa5 19. Qe4 Rd5 20. Qd3 Rdxe5 21. Rxe5 Qxe5 22. Rf1 g6 23. h3 b6 24. b4 c5 25. bxc5 bxc5 26. Qa3 c4 27. Qxa7 c3 28. Bg4 c2 29. Qa3 h5 30. Bf3 Qf4 31. Qc1 Nxf3+ 32. gxf3 Qxf3 33. Qxc2 Qxh3 34. f3 Qg3+ 35. Kh1 Qh4+ 36. Kg1 Qg5+ 0-1


[Site "https://www.chess.com"]

[Event "Titled Tuesday Blitz May 11 2021"]
[White "Aditya Mittal"]
[Black "Keymer, Vincent"]
[WhiteFideId "35042025"]
[BlackFideId "12940690"]
[WhiteElo "2171"]
[BlackElo "2474"]
[Result "1-0"]
[Round "10"]
[TimeControl "180+1"]
[Date "2021.05.11"]
[WhiteClock "0:00:29"]
[BlackClock "0:00:06"]

1. d4 Nf6 2. c4 e6 3. Nc3 Bb4 4. f3 c5 5. d5 b5 6. e4 d6 7. Bd3 bxc4 8. Bxc4 O-O 9. Ne2 exd5 10. Bxd5 Nxd5 11. Qxd5 Qb6 12. Bg5 Be6 13. Qd2 Nc6 14. O-O Ne5 15. Rfd1 Rab8 16. Kh1 c4 17. Nf4 h6 18. Bh4 Bc5 19. Na4 Qb5 20. Nxc5 Qxc5 21. Be7 c3 22. Qxc3 Qxc3 23. bxc3 Rfc8 24. Bxd6 Rb5 25. a4 Ra5 26. Bb4 Ra6 27. Nd5 Bxd5 28. Rxd5 Nc4 29. a5 Rac6 30. Kg1 a6 31. Kf2 R8c7 32. Rad1 f6 33. Rd7 Rc8 34. Rd8+ Kh7 35. Rxc8 Rxc8 36. Rd7 Kg6 37. Ke2 f5 38. exf5+ Kf6 39. g4 h5 40. h3 g6 41. fxg6 Kxg6 42. Rd5 h4 43. f4 Re8+ 44. Kf2 Ne3 45. Re5 Rxe5 46. fxe5 Nd5 47. Kf3 Kf7 48. Ke4 Ke6 49. g5 Nc7 50. g6 Ne8 51. Bf8 Nc7 52. g7 Kf7 53. c4 Ne6 54. c5 Ng5+ 55. Kf5 Nxh3 56. e6+ Kg8 57. e7 1-0


[Site "https://www.chess.com"]

[Event "Titled Tuesday Blitz May 11 2021"]
[White "Artemiev, Vladislav"]
[Black "Oparin, Grigoriy"]
[WhiteFideId "24101605"]
[BlackFideId "24125890"]
[WhiteElo "2783"]
[BlackElo "2628"]
[Result "1-0"]
[Round "10"]
[TimeControl "180+1"]
[Date "2021.05.11"]
[WhiteClock "0:00:03"]
[BlackClock "0:00:02"]

1. Nf3 Nf6 2. b3 d5 3. Bb2 e6 4. e3 Bd6 5. c4 O-O 6. Nc3 Re8 7. Be2 c5 8. cxd5 exd5 9. d4 cxd4 10. Nxd4 Nc6 11. O-O Nxd4 12. Qxd4 Be5 13. Qd3 Ne4 14. Nxe4 Bxb2 15. Rad1 Bf5 16. Qd2 dxe4 17. Qxb2 Qg5 18. Rd5 Qg6 19. h4 Be6 20. Rg5 Qh6 21. Rh5 Qg6 22. Rg5 Qh6 23. Rd1 Rad8 24. Rxd8 Rxd8 25. Qe5 Kh8 26. Qxe4 Qf6 27. Qe5 h6 28. Qxf6 gxf6 29. Ra5 a6 30. Bf3 Rd7 31. Kf1 Rc7 32. Ke1 Kg7 33. Ra4 f5 34. Kd2 Kf6 35. Rd4 Ke7 36. g3 a5 37. Bd5 b6 38. Bc4 Rc5 39. a4 Rc8 40. Kd3 Rc7 41. e4 Kf6 42. Rd6 Ke5 43. Rxb6 fxe4+ 44. Kc3 Bxc4 45. bxc4 Rd7 46. Rb5+ Ke6 47. c5 Rd3+ 48. Kc4 Rd2 49. Rxa5 Rxf2 50. Kd4 f5 51. Ra6+ Kd7 52. Rxh6 Rf3 53. Rf6 Rd3+ 54. Kc4 Rxg3 55. Rxf5 Rg4 56. Kd5 Rxh4 57. c6+ 1-0


[Site "https://www.chess.com"]

[Event "Titled Tuesday Blitz May 11 2021"]
[White "Costachi, Mihnea"]
[Black "Sarana, Alexey"]
[WhiteFideId "1217518"]
[BlackFideId "24133795"]
[WhiteElo "2479"]
[BlackElo "2629"]
[Result "1-0"]
[Round "10"]
[TimeControl "180+1"]
[Date "2021.05.11"]
[WhiteClock "0:00:20"]
[BlackClock "0:00:02"]

1. d4 Nf6 2. c4 e6 3. Nf3 b6 4. g3 Ba6 5. Qc2 c5 6. d5 exd5 7. cxd5 Bb7 8. Bg2 Nxd5 9. O-O Be7 10. Rd1 Nf6 11. Nc3 O-O 12. e4 Nc6 13. Bf4 Rc8 14. a3 Re8 15. Rd2 Nd4 16. Nxd4 cxd4 17. Rxd4 Bc5 18. Rd2 Nh5 19. Rad1 Nxf4 20. Rxd7 Qf6 21. Rxb7 Ne6 22. Rdd7 Rf8 23. Qd2 Rcd8 24. h4 Nd4 25. b4 Nb3 26. Qc2 Rxd7 27. Rxd7 Bxf2+ 28. Qxf2 Qxc3 29. Rxa7 Nd4 30. e5 Qc4 31. Rd7 Ne6 32. Kh2 Qc8 33. Qd2 b5 34. Bh3 Qc4 35. Qf2 h6 36. Rb7 Qb3 37. Rxb5 Rd8 38. Rb7 Nd4 39. Bg2 Qe6 40. Qe3 Nf5 41. Qb6 Qa2 42. Qxd8+ Kh7 43. Qd3 Qf2 44. Rxf7 Kg6 45. e6 1-0


[Site "https://www.chess.com"]

[Event "Titled Tuesday Blitz May 11 2021"]
[White "Debashis, Das"]
[Black "Annaberdiyev, Babageldi"]
[WhiteFideId "5024854"]
[BlackFideId "14000385"]
[WhiteElo "2470"]
[BlackElo "2332"]
[Result "1/2-1/2"]
[Round "10"]
[TimeControl "180+1"]
[Date "2021.05.11"]
[WhiteClock "0:00:33"]
[BlackClock "0:00:48"]

1. e4 e5 2. Nf3 d5 3. exd5 e4 4. Qe2 Be7 5. Qxe4 Nf6 6. Qa4+ c6 7. Be2 O-O 8. O-O cxd5 9. d4 Bf5 10. c3 Nc6 11. Bf4 a6 12. Re1 h6 13. Nbd2 b5 14. Qd1 Re8 15. Ne5 Rc8 16. Nxc6 Rxc6 17. a3 Re6 18. Nf3 g5 19. Bg3 Ne4 20. Nd2 Nxg3 21. hxg3 Bd6 22. Nf3 g4 23. Nh4 Bh7 24. Qd2 Qg5 25. Rad1 Re4 26. Kf1 Qf6 27. Kg1 Qg5 28. Kf1 Qf6 29. Kg1 Qg5 1/2-1/2


[Site "https://www.chess.com"]

[Event "Titled Tuesday Blitz May 11 2021"]
[White "Dubov, Daniil"]
[Black "Jobava, Baadur"]
[WhiteFideId "24126055"]
[BlackFideId "13601520"]
[WhiteElo "2722"]
[BlackElo "2748"]
[Result "1/2-1/2"]
[Round "10"]
[TimeControl "180+1"]
[Date "2021.05.11"]
[WhiteClock "0:00:10"]
[BlackClock "0:00:14"]

1. d4 Nf6 2. c4 g6 3. Nc3 Bg7 4. Nf3 d6 5. Bg5 Na6 6. e3 O-O 7. Be2 c6 8. O-O Nc7 9. Bh4 Qe8 10. Nd2 Nd7 11. Rc1 h6 12. b4 f5 13. Bg3 e5 14. dxe5 dxe5 15. h3 g5 16. c5 f4 17. Bh2 Nf6 18. Nc4 Be6 19. Nd6 Qe7 20. exf4 exf4 21. Re1 Rad8 22. Bc4 Nfd5 23. Nxd5 cxd5 24. Bb3 b6 25. Qd3 bxc5 26. bxc5 Bf6 27. Re2 Qh7 28. Qxh7+ Kxh7 29. Rce1 Bd7 30. Kh1 Nb5 31. Bxd5 Nc3 32. Rd2 Nxd5 33. Rxd5 Bc6 34. Rdd1 Rb8 35. f3 Rb2 36. Bg1 Rxa2 37. Ne4 Bg7 38. Rd6 Rc8 39. Nf6+ Kh8 40. Re7 Ra1 41. Kh2 Ra2 42. Bd4 Bxf3 43. Kg1 Rxg2+ 44. Kf1 Rb8 45. Re1 Rh2 46. Kg1 Rh1+ 47. Kf2 Rxe1 48. Kxe1 Rc8 49. Kd2 Bc6 50. Kc3 f3 51. Ng4 Bxd4+ 52. Kxd4 h5 53. Rh6+ Kg7 54. Rxh5 Kg6 55. Rh6+ Kg7 56. Rh5 Rd8+ 57. Ke3 Rd5 58. Kxf3 Rxc5+ 59. Ke3 a5 60. Rh6 a4 61. Kd4 Rc1 62. Rh5 Kg6 63. Rh6+ Kf7 64. Rxc6 Rxc6 65. Ne5+ Kf6 66. Nxc6 Kf5 67. Ke3 a3 68. Nb4 g4 69. h4 g3 70. Kf3 g2 71. Kxg2 Kg4 72. Na2 Kxh4 73. Kf3 Kg5 74. Ke4 Kf6 75. Kd4 Ke7 76. Kc4 Kd8 77. Kb3 Ke8 78. Kxa3 1/2-1/2


[Site "https://www.chess.com"]

[Event "Titled Tuesday Blitz May 11 2021"]
[White "Firat, Burak"]
[Black "Tari, Aryan"]
[WhiteFideId "6305881"]
[BlackFideId "1510045"]
[WhiteElo "2531"]
[BlackElo "2656"]
[Result "0-1"]
[Round "10"]
[TimeControl "180+1"]
[Date "2021.05.11"]
[WhiteClock "0:00:04"]
[BlackClock "0:00:10"]

1. e4 c5 2. Nf3 e6 3. d4 cxd4 4. Nxd4 Nf6 5. Nc3 Nc6 6. Nxc6 bxc6 7. e5 Nd5 8. Ne4 Qc7 9. f4 Qb6 10. c4 Bb4+ 11. Ke2 f5 12. Nf2 Ba6 13. Kf3 Ne7 14. Be3 Bc5 15. Bxc5 Qxc5 16. Qd6 Qa5 17. h4 c5 18. Kg3 Rd8 19. Nd3 Rc8 20. Nf2 Kf7 21. Be2 Rhd8 22. Bh5+ g6 23. Bf3 h6 24. b3 Rc6 25. Qd3 d5 26. exd6 Rcxd6 27. Qe3 Qd2 28. Rae1 Qxe3 29. Rxe3 Kf6 30. Rhe1 Bc8 31. Kh2 Rd2 32. R1e2 g5 33. fxg5+ hxg5 34. hxg5+ Kxg5 35. Nh3+ Kf6 36. Nf4 R8d4 37. Rxe6+ Bxe6 38. Rxe6+ Kf7 39. Bh5+ Kf8 40. Kg3 Rd6 41. Re5 Rxa2 42. Rxc5 Rb2 43. Rb5 Rb6 44. Re5 R2xb3+ 45. Kh4 Rc3 46. c5 Rc6 47. Ne6+ Kg8 48. Nd4 Rc7 49. c6 Nxc6 50. Re8+ Kh7 51. Nxf5 Rc5 52. g4 Ne5 53. Re6 Nf3+ 54. Kg3 Rc3 55. Rh6+ Kg8 56. Rg6+ Kf8 57. Rh6 Ne5+ 58. Kh4 Nf3+ 59. Kg3 Ng5+ 60. Kf4 Nf7 61. Rf6 R7c4+ 62. Nd4 Rxd4+ 63. Kf5 Rf3+ 64. Ke6 Rxf6+ 65. Kxf6 Rf4+ 66. Ke6 Rf2 67. Kd5 Kg7 68. Kc6 Ng5 69. Kb5 Ra2 70. Be8 a5 71. Bc6 Rf2 72. Bd5 Rf4 73. Kxa5 Rxg4 74. Bb7 Kf6 75. Kb6 Rf4 76. Kc7 Ke5 77. Bc6 Ne4 78. Bb7 Nf6 79. Kb6 Nd5+ 80. Kc5 Nc7 81. Kc6 Ne6 82. Kb5 Rf1 83. Bg2 Rc1 84. Kb4 Nd4 85. Bh3 Rh1 86. Bg2 Rh2 87. Ba8 Kd6 88. Kc3 Nc6 89. Bb7 Rh3+ 90. Kb2 Nb4 91. Bc8 Rg3 92. Bf5 Kc5 93. Kc1 Nc6 94. Kd2 Nd4 95. Be4 Kc4 96. Bh7 Rg2+ 97. Ke3 Re2+ 98. Kf4 Re7 99. Bg8+ Kd3 100. Bd5 Ne6+ 101. Ke5 Nc7+ 102. Kd6 Nxd5 103. Kxd5 Re4 104. Kc6 Kd4 0-1


[Site "https://www.chess.com"]

[Event "Titled Tuesday Blitz May 11 2021"]
[White "Gokerkan, Cem Kaan"]
[Black "Ivic, Velimir"]
[WhiteFideId "6336760"]
[BlackFideId "950122"]
[WhiteElo "2361"]
[BlackElo "2509"]
[Result "1-0"]
[Round "10"]
[TimeControl "180+1"]
[Date "2021.05.11"]
[WhiteClock "0:00:45"]
[BlackClock "0:00:06"]

1. e4 e5 2. Nf3 d6 3. d4 exd4 4. Nxd4 Nf6 5. Nc3 Be7 6. Be2 O-O 7. O-O Re8 8. Be3 Bf8 9. f3 d5 10. Bg5 h6 11. Bxf6 Qxf6 12. Nxd5 Qd8 13. Kh1 Bd6 14. Nb5 Be5 15. f4 c6 16. fxe5 cxb5 17. Bxb5 Nc6 18. Bxc6 bxc6 19. Ne3 Ba6 20. Qxd8 Raxd8 21. Rfd1 Rxd1+ 22. Rxd1 Rxe5 23. Rd4 c5 24. Ra4 Bb5 25. Rxa7 Rxe4 26. Ra3 f5 27. g3 Bc6 28. Kg1 g5 29. Nxf5 Re2 30. Re3 Rg2+ 31. Kf1 Kf8 32. Re2 Rxe2 33. Kxe2 Be4 34. Nxh6 Bxc2 35. Ke3 Ke7 36. Ng4 Ke6 37. Nf2 Bb1 38. a4 Kd5 39. a5 Kc6 40. Nh3 g4 41. Nf2 Kb5 42. Nxg4 Kxa5 43. h4 Kb4 44. Kd2 Kc4 45. Ne3+ Kd4 46. Nc2+ Ke5 47. b3 Kf5 48. Kc1 Ba2 49. Kb2 1-0


[Site "https://www.chess.com"]

[Event "Titled Tuesday Blitz May 11 2021"]
[White "Grandelius, Nils"]
[Black "Shkapenko, Pavel"]
[WhiteFideId "1710400"]
[BlackFideId "4151933"]
[WhiteElo "2651"]
[BlackElo "2386"]
[Result "1-0"]
[Round "10"]
[TimeControl "180+1"]
[Date "2021.05.11"]
[WhiteClock "0:01:05"]
[BlackClock "0:01:06"]

1. Nf3 Nf6 2. g3 d5 3. Bg2 c6 4. O-O Bg4 5. h3 Bh5 6. d4 Nbd7 7. c4 e6 8. cxd5 exd5 9. Ne5 Be7 10. f4 Nxe5 11. dxe5 Bc5+ 12. Kh2 Ne4 13. Bxe4 dxe4 14. Qxd8+ Rxd8 15. g4 Bg6 16. f5 Bd4 17. Nc3 Bxe5+ 18. Bf4 Bxc3 19. bxc3 O-O 20. Rad1 f6 21. fxg6 hxg6 22. Bc7 Rc8 23. Bf4 Rfd8 24. Rd4 Rxd4 25. cxd4 Kf7 26. Rc1 Ke6 27. Rc5 b6 28. d5+ Kd7 29. Rxc6 Rxc6 30. dxc6+ Kxc6 31. Kg3 g5 32. Bc1 Kd5 33. Ba3 g6 34. Be7 Ke6 35. Bd8 b5 36. Kf2 f5 37. Bxg5 fxg4 38. hxg4 a5 39. Bd8 a4 40. Ba5 Ke5 41. Ke3 Kd5 42. Bb4 Ke5 43. a3 Kd5 44. Bf8 Ke5 45. Bg7+ Kd5 46. g5 Kc4 47. Kxe4 b4 48. axb4 Kxb4 49. Kd5 Kb3 50. e4 a3 51. Bd4 a2 52. e5 1-0


[Site "https://www.chess.com"]

[Event "Titled Tuesday Blitz May 11 2021"]
[White "Hjartarson, Johann"]
[Black "Urazayev, Arystanbek"]
[WhiteFideId "2300044"]
[BlackFideId "13709810"]
[WhiteElo "2502"]
[BlackElo "2321"]
[Result "1-0"]
[Round "10"]
[TimeControl "180+1"]
[Date "2021.05.11"]
[WhiteClock "0:00:15"]
[BlackClock "0:00:05"]

1. e4 c5 2. Ne2 e6 3. Nbc3 d5 4. exd5 exd5 5. d4 Nc6 6. dxc5 d4 7. Ne4 Nf6 8. N2g3 Bxc5 9. Nxc5 Qa5+ 10. Bd2 Qxc5 11. Bd3 O-O 12. O-O Bg4 13. f3 Be6 14. a3 Rfe8 15. Re1 Bc4 16. b4 Qd5 17. Ne4 Nxe4 18. Bxe4 Qd6 19. Qc1 Bd5 20. Bf4 Qd7 21. Bd3 a5 22. Qd2 axb4 23. axb4 Rxa1 24. Rxa1 Qe7 25. b5 Ne5 26. Bf1 Qf6 27. Bxe5 Qxe5 28. Rd1 Be6 29. Qxd4 Qg5 30. c4 g6 31. h4 Qe7 32. c5 Rc8 33. Rc1 Rd8 34. Qf4 Rc8 35. c6 bxc6 36. bxc6 h5 37. c7 Rf8 38. Ba6 Bc8 39. Bxc8 Rxc8 40. Kh2 Qe6 41. Rb1 Kh7 42. Rb8 Kg7 43. Qd4+ f6 44. Rxc8 Qxc8 45. Qd8 Qf5 46. c8=Q Qf4+ 47. Kh3 Qf5+ 48. Qxf5 1-0


[Site "https://www.chess.com"]